 Dungeon Crawl Stone Soup version 0.23.0 (webtiles) character file.

Game seed: 15916801258821730432

56 Vesto the Grave Robber (level 3, -1/20 HPs)
             Began as a Deep Elf Necromancer on Feb 11, 2019.
             Slain by a worker ant (2 damage)
             ... on level 3 of the Dungeon.
             The game lasted 00:03:06 (1362 turns).

Vesto the Grave Robber (Deep Elf Necromancer)       Turns: 1362, Time: 00:03:07

Health: -1/20      AC:  2    Str:  6    XL:     3   Next: 71%
Magic:  7/10       EV: 13    Int: 19    God:
Gold:   10         SH:  0    Dex: 15    Spells: 8/9 levels left

rFire    . . .     SeeInvis .   a - +2 spear (freeze)
rCold    . . .     Gourm    .   (no shield)
rNeg     . . .     Faith    .   e - +0 robe
rPois    .         Spirit   .   (no helmet)
rElec    .         Reflect  .   (no cloak)
rCorr    .         Harm     .   (no gloves)
MR       .....                  (no boots)
Stlth    ++........             (no amulet)
HPRegen  0.06/turn              (no ring)
MPRegen  0.12/turn              (no ring)

@: lethally poisoned (-1 -> -5)
A: no striking features
a: no special abilities


You were on level 3 of the Dungeon.
You were not hungry.

You visited 1 branch of the dungeon, and saw 5 of its levels.

You collected 10 gold pieces.

Inventory:

Hand Weapons
 a - a +2 spear of freezing (weapon)
Armour
 e - a +0 robe (worn)
Potions
 d - a potion of agility
Comestibles
 c - 4 rations


   Skills:
 + Level 0.6 Fighting
 + Level 1.0 Throwing
 + Level 0.8 Armour
 + Level 2.8 Dodging
 + Level 3.0 Stealth
 + Level 3.5 Spellcasting
 + Level 5.2 Necromancy


You had 8 spell levels left.
You knew the following spells:

 Your Spells              Type           Power        Failure   Level  Hunger
a - Pain                  Necr           ###.         1%          1    None

Your spell library contained the following spells:

 Spells                   Type           Power        Failure   Level  Hunger
 Animate Skeleton         Necr           N/A          1%          1    None
 Vampiric Draining        Necr           ###.......   4%          3    ###....
 Regeneration             Chrm/Necr      ##........   16%         3    ###....
 Animate Dead             Necr           N/A          17%         4    ####...


Dungeon Overview and Level Annotations

Branches:
Dungeon (5/15)
 Temple: D:4-7

Altars:
Fedhas
Makhleb
Trog
Vehumet

Annotations:
D:2 exclusion: 2 downstairs


Message History

Aim: a worker ant (chance to defeat MR: 88%)
The worker ant writhes in agony.
You feel sick. The worker ant closely misses you.
All of the chunks of flesh in your inventory have rotted away.
Casting: Pain (safe; 1% risk of failure)
Confirm with . or Enter, or press ? or * to list all spells.
Aiming: Pain (safe; 1% risk of failure)
Press: ? - help, Shift-Dir - straight line, f/p - worker ant
Aim: a worker ant (lightly wounded, chance to defeat MR: 88%)
The worker ant writhes in agony.
The worker ant bites you.
* * * LOW HITPOINT WARNING * * *
The worker ant bites you.
* * * LOW HITPOINT WARNING * * *
Casting: Pain (safe; 1% risk of failure)
Confirm with . or Enter, or press ? or * to list all spells.
Aiming: Pain (safe; 1% risk of failure)
Press: ? - help, Shift-Dir - straight line, f/p - worker ant
Aim: a worker ant (heavily wounded, chance to defeat MR: 88%)
The worker ant writhes in agony.
The worker ant bites you.
You die...

# #.
##.########
.........#
#...%...#
###.a.....#
#....@....#
#.#..........
?≈≈P......###
..≈.≈.......#
##.≈≈≈.#.##.#
####.. .. P≈≈
... .P


P≈P ##.. ≈.P ≈P You could see a worker ant.

Vanquished Creatures
  2 adders
  3 dart slugs
  3 leopard geckos
  2 orcs (D:3)
  A giant cockroach (D:2)
  A goblin (D:2)
  A hobgoblin (D:2)
  3 jackals (D:2)
  8 bats
  2 frilled lizards
  A kobold (D:2)
  2 rats
29 creatures vanquished.

Notes
Turn   | Place    | Note
-------+----------+-------------------------------------------
     0 | D:1      | Vesto the Deep Elf Necromancer began the quest for the Orb.
     0 | D:1      | Reached XP level 1. HP: 10/10 MP: 6/6
    47 | D:1      | You fall through a shaft!
    75 | D:2      | Reached XP level 2. HP: 4/15 MP: 2/8
   374 | D:2      | Found a bloodstained altar of Trog.
   376 | D:2      | Found a blossoming altar of Fedhas.
   379 | D:2      | Found a radiant altar of Vehumet.
   381 | D:2      | Found a burning altar of Makhleb.
   397 | D:2      | Reached skill level 5 in Necromancy
   536 | D:2      | Reached XP level 3. HP: 8/20 MP: 5/9
  1151 | D:4      | Reached skill level 1 in Throwing
  1327 | D:5      | Entered Level 5 of the Dungeon
  1362 | D:3      | Slain by a worker ant

Skill      XL: |  1  2  3 |
---------------+----------+-----
Necromancy     | 5 |  5.2
Throwing       | 1 |  1.0
Stealth        | 3 |  3.0
Fighting       | |  0.6
Armour         | |  0.8
Dodging        | |  2.8
Spellcasting   | |  3.5

Action                   || total
-------------------------++-------
Melee: Spear             ||    14
 Cast: Pain              ||    48
  Use: Scroll            ||     2
 Stab: Sleeping          ||     2
  Eat: Chunk             ||     1
Armor: Robe              ||     2
Dodge: Dodged            ||    17
